 Dungeon Crawl Stone Soup version 0.28.0-53-g5a82cb258f (webtiles) character file.

Game seed: 7682003966360524952

200 raph the Ruffian (level 5, -1/42 HPs)
             Began as a Draconian Transmuter on July 16, 2022.
             Slain by Crazy Yiuf
             ... wielding a +3 quarterstaff of chaos
              (12 damage)
             ... on level 3 of the Dungeon.
             The game lasted 00:03:11 (2442 turns).

raph the Ruffian (Draconian Transmuter)             Turns: 2442, Time: 00:03:12

Health: -1/42      AC:  5    Str: 19    XL:     5   Next: 48%
Magic:  7/8        EV: 12    Int: 15    God:
Gold:   73         SH:  0    Dex: 11    Spells: 3/9 levels left

rFire   + . .      SeeInvis .     - Unarmed
rCold   . . .      Faith    .   (no shield)
rNeg    . . .      Spirit   .   (armour unavailable)
rPois   .          Reflect  .   (helmet currently unavailable)
rElec   .          Harm     .   (no cloak)
rCorr   .          Rampage  .   (no gloves)
Will    .....                   (boots currently unavailable)
Stlth   +.........              (no amulet)
HPRegen 0.14/turn               a - ring of protection from fire
MPRegen 0.11/turn               c - +6 ring of strength

@: appendages
A: horns 2, talons 2, AC +5, unfitting armour, cold-blooded
a: End Transformation


You were on level 3 of the Dungeon.
You had temporarily grown beastly horns and talons.
You visited 1 branch of the dungeon, and saw 3 of its levels.

You collected 73 gold pieces.

Inventory:

Jewellery
 a - a ring of protection from fire (left hand)
 c - a +6 ring of strength (right hand)
Potions
 d - a potion of degeneration {unknown}


   Skills:
 + Level 2.3 Fighting
 + Level 2.4 Dodging
 * Level 4.2 Unarmed Combat
 + Level 2.6 Spellcasting
 * Level 3.5 Transmutations


You had 3 spell levels left.
You knew the following spells:

 Your Spells              Type           Power      Damage    Failure   Level
a - Beastly Appendage     Tmut           24%        N/A       4%          1
b - Wereblood             Tmut           12%        N/A       8%          2
c - Spider Form           Tmut/Pois      7%         N/A       30%         3

Your spell library contained the following spells:

 Spells                   Type           Power      Damage    Failure   Level
 Ice Form                 Ice/Tmut       7%         N/A       69%         4


Dungeon Overview and Level Annotations

Branches:
Dungeon (3/15)

Altars:

Annotations:
D:3 Crazy Yiuf


Innate Abilities, Weirdness & Mutations

You have temporarily grown beastly horns and talons.
Your plain brown scales are hard. (AC +5)
You cannot fit into any form of body armour.
You are cold-blooded and may be slowed by cold attacks.


Message History

The bat barely misses you. The bat completely misses you.
You barely miss the bat. Your kick misses the bat.
The bat hits you but does no damage. The bat barely misses you.
You closely miss the bat. Your kick misses the bat. You headbutt the bat.
You kill the bat!
No target in view!
No target in view!
No target in view!
No target in view!
You start resting.
Your transformation is almost over.
Your horns disappear.
Your talons disappear.
Magic restored.
You start resting.
HP restored.
Crazy Yiuf cries, "Shower snail unthinkable!"
You open the door.
Casting: Beastly Appendage (safe; 4% risk of failure)
Confirm with . or Enter, or press ? or * to list all spells.
You grow a pair of large bovine horns.
Your feet morph into talons.
Crazy Yiuf hits you with a +3 quarterstaff of chaos.
You are poisoned.
You hit Crazy Yiuf. Your headbutt misses Crazy Yiuf.
Crazy Yiuf is lightly wounded.
You feel sick.
Crazy Yiuf hits you with a +3 quarterstaff of chaos!
You hit Crazy Yiuf. You claw Crazy Yiuf, but do no damage.
You headbutt Crazy Yiuf!
Crazy Yiuf is heavily wounded.
You feel sick.
Crazy Yiuf says, "Mountain!
Prologue shoe chair."
Crazy Yiuf hits you with a +3 quarterstaff of chaos!
You are electrocuted!
* * * LOW HITPOINT WARNING * * *
You are too injured to fight recklessly!
* * * LOW HITPOINT WARNING * * *
You feel sick.
You feel better.
Crazy Yiuf hits you with a +3 quarterstaff of chaos!
You die...

##########
#......... ###
♣###.#######
#)..#♣♣ ♣♣♣....#
#...'g♣♣♣♣......#
#...#♣@.♣......##
### ♣♣♣.♣....##
♣♣♣♣♣###


You could see Crazy Yiuf.

Vanquished Creatures
  Pargi (D:3)
  A jelly (D:3)
  2 adders (D:2)
  2 worms (D:2)
  2 dart slugs
  A ball python (D:1)
  5 endoplasms
  A giant cockroach (D:1)
  4 goblins
  3 hobgoblins (D:1)
  7 jackals
  3 bats
  6 frilled lizards
  A kobold (D:2)
  3 rats
  A spectral kobold (D:3)
43 creatures vanquished.

Vanquished Creatures (others)
  2 plants (D:1)
2 creatures vanquished.

Grand Total: 45 creatures vanquished

Notes
Turn   | Place    | Note
-------+----------+-------------------------------------------
     0 | D:1      | raph the Draconian Transmuter began the quest for the Orb.
     0 | D:1      | Reached XP level 1. HP: 16/16 MP: 3/3
   202 | D:1      | Reached XP level 2. HP: 23/23 MP: 3/5
   300 | D:1      | Learned a level 2 spell: Wereblood
   530 | D:1      | You fall into a shaft and drop 1 floor!
   989 | D:1      | Reached XP level 3. HP: 28/28 MP: 2/6
   993 | D:1      | Learned a level 3 spell: Spider Form
  2055 | D:2      | Reached XP level 4. HP: 36/36 MP: 5/7
  2214 | D:3      | Found a faded altar of an unknown god.
  2254 | D:3      | Noticed Pargi
  2352 | D:3      | Found a runed translucent door.
  2353 | D:3      | Noticed Crazy Yiuf
  2364 | D:3      | Killed Pargi
  2365 | D:3      | Reached skill level 4 in Unarmed Combat
  2365 | D:3      | Reached XP level 5. HP: 32/42 MP: 2/8
  2441 | D:3      | HP: 2/42 [poisoned by Crazy Yiuf]
  2442 | D:3      | Slain by Crazy Yiuf

Illustrated notes

Levels and vault maps discovered:
D:1:      dpeg_arrival_shelter, layout_loops_cross, serial_forest,
          infiniplex_forest_clump_long, infiniplex_forest_fountain,
          infiniplex_forest_straight_2, infiniplex_forest_fountain,
          infiniplex_forest_end_1, infiniplex_forest_clump_long,
          infiniplex_forest_straight_3, infiniplex_forest_clump_small,
          infiniplex_forest_lined_corner
D:2:      layout_basic
D:3:      layout_basic, dreamdust_ecumenical_altar_drowned_temple,
          gammafunk_ghost_arena, uniq_crazy_yiuf_cottage, uniq_pargi

Skill      XL: |  1  2  3  4 |
---------------+-------------+-----
Dodging        | 2 |  2.4
Transmutations | 3 |  3.5
Fighting       | 2 |  2.3
Unarmed Combat | 4 |  4.2
Spellcasting   | |  2.6

Action                   |  1- 3 |  4- 6 || total
-------------------------+-------+-------++-------
Melee: Unarmed           |    91 |    21 ||   112
       Kick              |    21 |     2 ||    23
       Tailslap          |    12 |     1 ||    13
       Headbutt          |    13 |     3 ||    16
       Punch             |     4 |       ||     4
 Cast: Beastly Appendage |    26 |     6 ||    32
       Wereblood         |     3 |       ||     3
       Spider Form       |       |     2 ||     2
  Use: Scroll            |     3 |     1 ||     4
       Potion            |       |     1 ||     1
Armor: Skin              |    28 |    12 ||    40
Dodge: Dodged            |    45 |    41 ||    86
